Map: Lerilak Crest

Players

Valkyrie - Winner!

  • Race: Zerg Zerg
  • League: Gold

Grumm

  • Race: Protoss Protoss
  • League: Gold

VOD

Have the link to the VOD?

Description

Time

  • Played on: Jan. 6, 2016, 6:24 p.m.
  • Length: 13:11
Show
View Real Time Build Order
Export as new Build Order

Valkyrie Zerg - Winner!

Build Orders: Hatch First 

Get SALT Encoding   

  12  0:01  Drone  
  13  0:13  Overlord  
  13  0:23  Drone  
  14  0:34  Drone x2  
  14  0:35  Drone  
  17  0:53  Hatchery  
  17  0:57  Drone  
  17  1:00  Drone  
  18  1:05  Extractor  
  17  1:14  Drone  
  18  1:18  Spawning Pool  
  17  1:29  Drone  
  17  1:30  Drone  
  19  1:40  Overlord  
  19  1:52  Drone  
  21  2:01  Drone  
  21  2:08  Metabolic Boost  
  21  2:09  Queen x2  
  21  2:14  Zergling x2  
  21  2:15  Zergling x2  
  27  2:26  Zergling x2  
  27  2:27  Zergling x2  
  29  2:39  Overlord  
  29  2:40  Drone x2  
  31  2:45  Queen  
  33  2:57  Drone  
  33  2:58  Drone x2  
  36  3:12  Drone x3, Hatchery  
  38  3:31  Drone x5  
  43  3:39  Lair  
  43  3:42  Overlord x2  
  43  3:45  Extractor  
  42  3:56  Drone x2  
  43  4:11  Zergling x6, Roach Warren  
  43  4:12  Zergling x6  
  48  4:17  Queen  
  48  4:29  Overlord  
  48  4:31  Drone x6  
  49  4:32  Drone x2  
  56  4:46  Drone x2, Extractor  
  56  4:47  Drone x2  
  56  4:50  Drone x2  
  56  4:51  Extractor  
  56  4:52  Glial Reconstitution  
  60  4:57  Evolution Chamber  
  60  4:58  Evolution Chamber  
  58  5:19  Drone x6  
  58  5:20  Drone x2  
  65  5:27  Overseer  
  64  5:31  Roach  
  64  5:34  Overlord x3  
  65  5:37  Zerg Ground Armor Level 1, Zerg Melee Weapons Level 1  
  65  5:41  Drone  
  65  5:42  Spire  
  65  5:53  Roach x5  
  75  6:02  Spine Crawler  
  74  6:08  Roach  
  74  6:09  Roach x5  
  74  6:23  Roach x6  
  73  6:51  Drone  
  73  6:52  Drone x12  
  84  7:00  Zerg Flyer Weapons Level 1  
  84  7:04  Queen  
  86  7:08  Queen  
  88  7:18  Hatchery, Queen  
  88  7:20  Overlord x2  
  89  7:27  Extractor x2  
  87  7:33  Zerg Ground Armor Level 2, Zerg Melee Weapons Level 2  
  87  7:53  Drone x5  
  92  8:02  Drone x2  
  92  8:03  Mutalisk x2  
  92  8:04  Mutalisk x3  
  104  8:10  Zergling x2  
  105  8:14  Overlord x4  
  105  8:31  Mutalisk x5  
  115  8:34  Mutalisk x2  
  115  8:36  Zergling x2  
  115  8:37  Zergling x8  
  124  8:42  Spore Crawler  
  124  8:45  Spore Crawler x2  
  120  9:03  Mutalisk x5  
  130  9:11  Zergling x22  
  133  9:35  Overlord x4, Zerg Flyer Weapons Level 2  
  133  9:38  Drone x6  
  136  9:39  Queen  
  141  9:55  Mutalisk  
  141  9:56  Mutalisk x5  
  153  10:04  Zergling x2  
  153  10:05  Zergling x6  
  153  10:06  Extractor  
  156  10:24  Mutalisk x3  
  156  10:25  Mutalisk  
  156  10:27  Roach  
  160  10:39  Extractor  
  159  10:48  Roach x8  
  175  10:51  Zerg Missile Weapons Level 1  
  175  10:53  Overlord x4  
  175  10:54  Overseer  
  175  11:05  Spine Crawler  
  175  11:09  Queen  
  175  11:10  Spine Crawler  
  175  11:22  Mutalisk x3  
  181  11:25  Roach  
  181  11:26  Roach x9  
  196  11:52  Drone  
  196  11:53  Drone, Infestation Pit  
  195  12:09  Drone x3  
  196  12:24  Hatchery  
  177  12:37  Zergling x2  
  177  12:38  Zergling x42  
Show
View Real Time Build Order
Export as new Build Order

Grumm Protoss 

Build Orders: Nexus First 

Get SALT Encoding   

  12  0:36  Nexus  
  12  0:48  Pylon  
  12  0:49  Probe (Chrono Boost)  
  13  1:00  Probe (Chrono Boost)  
  14  1:09  Gateway  
  14  1:12  Probe (Chrono Boost)  
  15  1:22  Probe (Chrono Boost)  
  16  1:29  Gateway  
  16  1:33  Probe (Chrono Boost)  
  17  1:41  Assimilator  
  17  1:57  Cybernetics Core  
  17  2:02  Pylon  
  17  2:05  Probe (Chrono Boost)  
  18  2:11  Zealot  
  20  2:16  Assimilator  
  20  2:23  Probe x2 (Chrono Boost)  
  22  2:33  Probe (Chrono Boost)  
  23  2:41  Zealot x2  
  23  2:43  Warp Gate (Chrono Boost)  
  27  2:49  Probe  
  28  3:02  Mothership Core, Probe  
  31  3:12  Probe  
  31  3:14  Adept  
  31  3:16  Adept  
  35  3:23  Probe  
  36  3:31  Probe  
  37  3:35  Probe  
  38  3:44  Twilight Council  
  38  3:46  Pylon  
  38  3:56  Stalker x2  
  42  4:04  Probe  
  42  4:05  Probe  
  44  4:14  Probe  
  45  4:17  Probe  
  46  4:25  Probe  
  46  4:30  Probe  
  48  4:36  Dark Shrine  
  48  4:40  Probe  
  48  4:42  Probe  
  50  4:47  Stalker  
  50  4:49  Adept  
  54  4:59  Robotics Facility  
  54  5:02  Pylon  
  54  5:04  Assimilator  
  54  5:07  Assimilator  
  54  5:09  Pylon  
  54  5:18  Probe  
  54  5:20  Probe  
  56  5:29  Zealot  
  56  5:30  Zealot  
  60  5:46  Forge  
  60  5:48  Pylon  
  60  5:50  Immortal  
  54  6:35  Stalker x2  
  54  6:36  Immortal (Chrono Boost)  
  54  6:45  Probe  
  54  6:46  Probe  
  54  6:47  Pylon  
  52  6:56  Protoss Ground Weapons Level 1  
  52  6:58  Nexus  
  52  6:59  Pylon  
  52  7:04  Gateway x2  
  52  7:05  Pylon  
  52  7:08  Photon Cannon  
  52  7:11  Immortal (Chrono Boost)  
  52  7:13  Robotics Bay  
  56  7:26  Robotics Facility  
  56  7:27  Pylon  
  56  7:31  Dark Templar x2  
  60  7:37  Probe  
  60  7:38  Probe  
  60  7:39  Pylon  
  62  7:51  Photon Cannon  
  62  7:52  Pylon  
  62  8:00  Immortal (Chrono Boost)  
  62  8:05  Blink  
  66  8:08  Probe x2  
  66  8:09  Assimilator  
  68  8:17  Probe  
  69  8:20  Probe  
  69  8:23  Dark Templar x2  
  74  8:40  Dark Templar  
  76  8:43  Zealot  
  74  9:10  Stalker x2  
  74  9:11  Stalker  
  74  9:13  Dark Templar  
  75  9:24  Probe  
  76  9:31  Photon Cannon  
  76  9:32  Pylon  
  76  9:36  Photon Cannon  
  74  9:40  Dark Templar x3  
  80  9:45  Pylon  
  80  9:48  Photon Cannon  
  80  10:01  Archon  
  80  10:03  Archon  
  80  10:04  Pylon, Dark Templar  
  80  10:05  Photon Cannon  
  82  10:07  Photon Cannon  
  82  10:14  Immortal (Chrono Boost)  
  89  10:19  Immortal (Chrono Boost)  
  85  10:27  Probe x2  
  86  10:28  Probe  
  88  10:37  Probe  
  88  10:38  Probe  
  88  10:40  Probe  
  88  10:42  Photon Cannon  
  91  10:44  Photon Cannon  
  91  10:47  Pylon  
  91  10:51  Pylon  
  91  10:52  Stalker x2  
  95  11:02  Probe x2  
  95  11:04  Probe  
  98  11:12  Photon Cannon  
  98  11:13  Probe x2  
  98  11:25  Photon Cannon  
  98  11:28  Photon Cannon  
  98  11:29  Probe x2  
  98  11:30  Pylon, Probe  
  101  11:41  Probe  
  101  11:43  Dark Templar x3  
  108  11:57  Dark Templar  
  108  11:58  Archon  
  110  12:15  Gateway  
  110  12:18  Stalker x3, Photon Cannon  
  104  12:41  Stalker  
  104  12:42  Stalker x3  
  107  12:45  Photon Cannon  
  107  12:47  Photon Cannon  
  107  12:49  Photon Cannon  
Tags
 
Add a new tag
Caveats
  • Supply blocks, unpowered buildings, or Contaminate may cause inaccurate times.
  • Supply counts are checked every 10 seconds.